 Dungeon Sprint DCSS version 0.26-a0-739-gf55cbd344a (webtiles) character file.

Game seed: 9096597308508585220

4109 rocky1 the Frost Mage (level 10, -16/69 HPs)
             Began as a Purple Draconian Ice Elementalist on Nov 6, 2020.
             Was a High Priest of Sif Muna.
             Demolished by a freezing wraith (17 damage)
             ... in the Dungeon (Sprint VII: "The Pits").
             The game lasted 00:13:48 (1276 turns).

rocky1 the Frost Mage (DrIE)                        Turns: 1276, Time: 00:13:49

Health: -16/69     AC:  8    Str: 10    XL:     10   Next: 6%
Magic:  1/24       EV: 18    Int: 18    God:    Sif Muna [*****.]
Gold:   0          SH:  0    Dex: 13    Spells: 6/29 levels left

rFire    . . .     SeeInvis .   m - +2 long sword (flame)
rCold    . . .     Faith    .   (no shield)
rNeg     . . .     Spirit   .   (armour unavailable)
rPois    .         Reflect  .   (helmet restricted)
rElec    .         Harm     .   (no cloak)
rCorr    .         Rampage  .   (no gloves)
MR       +....     NoTele   +   l - +0 pair of boots
Stlth    ++........             (no amulet)
HPRegen  0.21/turn              (no ring)
MPRegen  0.19/turn              (no ring)

@: frozen ramparts, slowed, very slow
A: breathe power, unfitting armour, cold-blooded, AC +7
a: Breathe Dispelling Energy, Channel Magic, Forget Spell, Divine Exegesis,
Renounce Religion


You were in the Dungeon.
You worshipped Sif Muna.
Sif Muna was extremely pleased with you.
You visited 1 branch

Inventory:

Hand Weapons
 m - a +2 long sword of flaming (weapon)
 p - a +4 quarterstaff of speed
Armour
 l - a +0 pair of boots (worn)
Jewellery
 k - a +3 ring of strength
 n - a +3 ring of strength
Scrolls
 g - a scroll of blinking
 h - 3 scrolls of remove curse
 i - 5 scrolls of amnesia
 j - a scroll of summoning
Potions
 a - 2 potions of invisibility
 b - 5 potions of curing
 c - 15 potions of heal wounds
 d - 3 potions of haste
 e - 4 potions of magic
 f - 3 potions of berserk rage
 o - 2 potions of might


   Skills:
 + Level 10.6 Dodging
 - Level 1.7 Stealth
 + Level 10.1 Spellcasting
 + Level 10.1 Conjurations
 + Level 11.9 Ice Magic
 + Level 5.0 Air Magic
 + Level 11.0 Invocations


You had 6 spell levels left.
You knew the following spells:

 Your Spells              Type           Power        Failure   Level
a - Freeze                Ice            ####         1%          1
b - Frozen Ramparts       Ice            ######       1%          3
c - Ozocubu's Armour      Ice            ######..     1%          3
d - Hailstorm             Conj/Ice       #####...     1%          4
e - Ozocubu's Refrigerat  Ice            ######....   9%          6
f - Freezing Cloud        Conj/Ice/Air   #####.....   30%         6

Your spell library contained the following spells:

 Spells                   Type           Power        Failure   Level
 Foxfire                  Conj/Fire      ####         1%          1
 Shock                    Conj/Air       ####         1%          1
 Ensorcelled Hibernation  Hex/Ice        ####..       1%          2
 Swiftness                Air            ####....     1%          2
 Static Discharge         Conj/Air       #####...     1%          3
 Conjure Flame            Conj/Fire      ####....     3%          3
 Mephitic Cloud           Conj/Pois/Air  ####....     3%          3
 Corpse Rot               Necr/Air       N/A          4%          2
 Summon Ice Beast         Ice/Summ       ####....     7%          4
 Sticky Flame             Conj/Fire      ####....     10%         4
 Lightning Bolt           Conj/Air       #####.....   10%         5
 Gell's Gravitas          Tloc           #.........   24%         3
 Inner Flame              Hex/Fire       #.......     24%         3
 Fireball                 Conj/Fire      ####......   26%         5
 Conjure Ball Lightning   Conj/Air       #####.....   47%         6
 Silence                  Hex/Air        ###.......   61%         5
 Simulacrum               Ice/Necr       ####......   71%         6
 Absolute Zero            Ice            ######....   100%        9


Dungeon Overview and Level Annotations

Branches:
Dungeon (1/1)

Altars:
Ashenzari
Cheibriados
Dithmenos
Elyvilon
Fedhas
Gozag
Hepliaklqana
Kikubaaqudgha
Makhleb
Nemelex Xobeh
Okawaru
Qazlal
Ru
Sif Muna
Trog
Uskayaw
Vehumet
Wu Jian
Xom
Yredelemnul
Zin
The Shining One
Beogh
Jiyva
Lugonu


Innate Abilities, Weirdness & Mutations

You can breathe bolts of dispelling energy.
Your rich purple scales are hard. (AC +7)
You cannot fit into any form of body armour.
You are cold-blooded and may be slowed by cold attacks.


Message History

You feel much better.
The freezing wraith completely resists.
The wall freezes the freezing wraith but do no damage.
The freezing wraith hits you. The freezing wraith freezes you!
You feel as though you will be slow longer.
The freezing wraith misses you.
You hit the freezing wraith but do no damage.
The freezing wraith is severely damaged.
The freezing wraith completely resists.
The wall freezes the freezing wraith but do no damage.
The freezing wraith hits you! The freezing wraith freezes you!
You feel as though you will be slow longer.
* * * LOW HITPOINT WARNING * * *
The freezing wraith hits you.
* * * LOW HITPOINT WARNING * * *
The freezing wraith completely resists.
The wall freezes the freezing wraith but do no damage.
The freezing wraith hits you!
* * * LOW HITPOINT WARNING * * *
The freezing wraith freezes you!
You die...

'#####''######
....##''#####
....##......#
....##......#
<...###....## #### ....#
##÷'## ###..+
....###).).###....# ##
....##..).).#.)..##...##
######......'...@W.....+
######......#....##...##
..[.###....###....# ##
..[[# ##''## ###..+
..))###....## ####
..))##......#
..))##†.....#
#############


You could see a freezing wraith.

Vanquished Creatures
  Erolcha (D)
  A cane toad (D)
  An orange demon (D)
  A smoke demon (D)
  2 kobold demonologists (D)
  A tyrant leech (D)
  3 blink frogs (D)
  A snapping turtle (D)
  A ynoxinul (D)
  A floating eye (D)
  An ice beast (D)
  A sky beast (D)
  Purgy (D)
  A necrophage (D)
  A wolf (D)
  2 big kobolds (D)
  A gnoll shaman (D)
  A hound (D)
  2 worker ants (D)
  2 adders (D)
  3 gnolls (D)
  A river rat (D)
  An ufetubus (D)
  An orc (D)
  A bat (D)
  3 goblins (D)
  A hobgoblin (D)
  6 jackals (D)
  A frilled lizard (D)
  4 kobolds (D)
48 creatures vanquished.

Notes
Turn   | Place    | Note
-------+----------+-------------------------------------------
     0 | D        | rocky1 the Draconian Ice Elementalist began the quest for
                  | the Orb.
     0 | D        | Reached XP level 1. HP: 14/14 MP: 3/3
    46 | D        | Found a bloodstained altar of Trog.
    46 | D        | Found a shimmering blue altar of Sif Muna.
    46 | D        | Found a viscous altar of Jiyva.
    46 | D        | Found a hazy altar of Hepliaklqana.
    46 | D        | Found an opulent altar of Gozag.
    47 | D        | Found a glowing golden altar of the Shining One.
    47 | D        | Found a glowing silver altar of Zin.
    47 | D        | Found a basalt altar of Yredelemnul.
    47 | D        | Found a shimmering altar of Xom.
    47 | D        | Found an ornate altar of the Wu Jian Council.
    47 | D        | Found a sacrificial altar of Ru.
    47 | D        | Found a stormy altar of Qazlal.
    47 | D        | Found an iron altar of Okawaru.
    47 | D        | Found a sparkling altar of Nemelex Xobeh.
    47 | D        | Found a burning altar of Makhleb.
    47 | D        | Found a blossoming altar of Fedhas.
    47 | D        | Found a white marble altar of Elyvilon.
    47 | D        | Found a shadowy altar of Dithmenos.
    47 | D        | Found a snail-covered altar of Cheibriados.
    49 | D        | Found a radiant altar of Vehumet.
    49 | D        | Found a corrupted altar of Lugonu.
    49 | D        | Found a roughly hewn altar of Beogh.
    50 | D        | Found a hide-covered altar of Uskayaw.
    50 | D        | Found an ancient bone altar of Kikubaaqudgha.
    50 | D        | Found a broken altar of Ashenzari.
    52 | D        | Became a worshipper of Sif Muna the Loreminder
    64 | D        | Noticed a floating eye
    69 | D        | Paralysed by a floating eye for 3 turns
    74 | D        | Killed a floating eye
    74 | D        | Reached skill level 5 in Dodging
    74 | D        | Reached skill level 5 in Spellcasting
    74 | D        | Reached XP level 2. HP: 20/20 MP: 1/8
    74 | D        | Reached XP level 3. HP: 26/26 MP: 1/9
    74 | D        | Reached XP level 4. HP: 33/33 MP: 1/11
    79 | D        | Learned a level 3 spell: Frozen Ramparts
    83 | D        | Learned a level 3 spell: Ozocubu's Armour
    88 | D        | Learned a level 4 spell: Hailstorm
   160 | D        | Reached * piety under Sif Muna
   197 | D        | Reached skill level 1 in Invocations
   197 | D        | Reached ** piety under Sif Muna
   197 | D        | Reached skill level 1 in Conjurations
   199 | D        | Reached *** piety under Sif Muna
   261 | D        | Noticed an ice beast
   261 | D        | Noticed a necrophage
   261 | D        | Noticed a sky beast
   270 | D        | Reached XP level 5. HP: 37/38 MP: 5/12
   279 | D        | Killed an ice beast
   279 | D        | Reached **** piety under Sif Muna
   356 | D        | Killed a necrophage
   356 | D        | Reached skill level 5 in Invocations
   356 | D        | Reached XP level 6. HP: 41/45 MP: 7/13
   369 | D        | Killed a sky beast
   369 | D        | Reached skill level 5 in Conjurations
   444 | D        | Reached ***** piety under Sif Muna
   444 | D        | Identified Sif Muna's Incunabulum of Snow and
                  | Weightlessness (Sif Muna gifted it to you in the Dungeon)
   444 | D        | Received a gift from Sif Muna
   454 | D        | Noticed a cane toad
   459 | D        | Killed a cane toad
   459 | D        | Your scales start taking on a rich purple colour.
   459 | D        | Reached XP level 7. HP: 20/50 MP: 7/16
   617 | D        | Noticed Purgy
   624 | D        | Killed Purgy
   679 | D        | Noticed a smoke demon
   679 | D        | Noticed a kobold demonologist
   679 | D        | Noticed a kobold demonologist
   682 | D        | Killed a kobold demonologist
   682 | D        | Reached skill level 10 in Ice Magic
   682 | D        | Reached XP level 8. HP: 57/57 MP: 5/18
   682 | D        | Identified Sif Muna's Compendium of Translocation and the
                  | Frostbite (Sif Muna gifted it to you in the Dungeon)
   682 | D        | Received a gift from Sif Muna
   685 | D        | Killed a smoke demon
   690 | D        | Killed a kobold demonologist
   894 | D        | Learned a level 6 spell: Ozocubu's Refrigeration
   901 | D        | Learned a level 6 spell: Freezing Cloud
   910 | D        | Noticed a tyrant leech
   913 | D        | Received a gift from Sif Muna
   913 | D        | Reached XP level 9. HP: 60/62 MP: 10/21
   918 | D        | Killed a tyrant leech
   918 | D        | Reached skill level 1 in Air Magic
  1018 | D        | Noticed Erolcha
  1018 | D        | Noticed an orange demon
  1026 | D        | Killed an orange demon
  1026 | D        | Reached skill level 10 in Invocations
  1030 | D        | Killed Erolcha
  1030 | D        | Reached skill level 10 in Dodging
  1186 | D        | Identified Sif Muna's Reference Book on the Birds (Sif Muna
                  | gifted it to you in the Dungeon)
  1186 | D        | Received a gift from Sif Muna
  1263 | D        | Noticed a freezing wraith
  1267 | D        | Reached skill level 10 in Spellcasting
  1267 | D        | Reached XP level 10. HP: 60/69 MP: 8/24
  1269 | D        | Reached skill level 10 in Conjurations
  1269 | D        | Reached skill level 5 in Air Magic
  1276 | D        | HP: 1/69 [freezing wraith (12)]
  1276 | D        | Demolished by a freezing wraith

Illustrated notes

Levels and vault maps discovered:
D:        pitsprint [storerooms_1, entrance_room_1, metal_vault_2, armoury_1,
          mini_pit_1, grid_room_1, main_hall_1, silver_pit, the_coven_3,
          the_vestibule_1, steel_vault_1, golden_pit, hallway_of_sentries,
          crystal_vault_4, iron_vault_5, final_vault]

Skill      XL: |  1  2  3  4  5  6  7  8  9 10 |
---------------+-------------------------------+-----
Dodging        | 5 6 8 9 10 | 10.6
Spellcasting   | 5 6 7 8 10 | 10.1
Ice Magic      | 6 8 9 10 11 | 11.9
Invocations    | 1 5 7 8 9 10 11 | 11.0
Conjurations   | 1 4 6 7 8 9 10 | 10.1
Air Magic      | 4 5 |  5.0
Stealth        | |  1.7

Action                   |  1- 3 |  4- 6 |  7- 9 | 10-12 || total
-------------------------+-------+-------+-------+-------++-------
Melee: Quarterstaff      |     5 |     2 |     9 |     4 ||    20
       Long sword        |       |    16 |       |     1 ||    17
       Tailslap          |       |     2 |     1 |       ||     3
 Cast: Freeze            |     3 |     7 |     8 |       ||    18
       Frozen Ramparts   |       |     8 |     6 |       ||    14
       Ozocubu's Armour  |       |     2 |     3 |       ||     5
       Hailstorm         |       |       |    16 |     2 ||    18
Invok: Channel Magic     |       |       |     2 |       ||     2
  Use: Potion            |       |       |     1 |     1 ||     2
 Stab: Sleeping          |       |       |     1 |       ||     1
Armor: Skin              |     1 |    15 |    13 |     1 ||    30
Dodge: Dodged            |     1 |    20 |    30 |     8 ||    59
       Rpst.: Long sword |       |     4 |       |       ||     4

Table legend: (Time is in decaauts)
 A = Elapsed time spent in this place.
 B = Non-inter-level travel time spent in this place.
 C = Inter-level travel time spent in this place.
 D = Time resting spent in this place.
 E = Time spent auto-exploring this place.
 F = Levels seen in this place.
 G = Mean time per level.
                   A        B        C        D        E       F      G
               +--------+--------+--------+--------+--------+-----+--------+
         Total |   1282 |   1282 |      0 |    766 |      0 |   1 | 1282.0 |
       Dungeon |   1282 |   1282 |      0 |    766 |      0 |   1 | 1282.0 |
               +--------+--------+--------+--------+--------+-----+--------+

Top non-repeatable levels by time:
       D: 1282 daAuts
